Construct Weapon Support Center
M3 Armored Personnel Carrier
Selects Advanced Infantry Battlegroup
Selects Convert to Ranger Squad
Selects Frontline Medical Station
Frontline Medical Station
Selects Ranger Weapon Training
Selects Ammunition Storage
M18 Hellcat Tank Destroyer
Selects M2A1 105mm Howitzer Emplacement
Selects 155mm Rapid Artillery Barrage
M18 Hellcat Tank Destroyer
M4(105) Sherman Bulldozer
Frontline Medical Station